 Dungeon Crawl Stone Soup version 0.23.2-33-g5129a83184 (webtiles) character file.

Game seed: 10170905408110092857

6715 Folque the Frost Mage (level 10, -1/73 HPs)
             Began as a Black Draconian Ice Elementalist on July 2, 2019.
             Was a Priest of Sif Muna.
             Slain by a wight
             ... wielding a +2 battleaxe
              (15 damage)
             ... on level 9 of the Dungeon.
             The game lasted 00:38:00 (9722 turns).

Folque the Frost Mage (DrIE)                        Turns: 9722, Time: 00:38:01

Health: -1/73      AC: 11    Str: 11    XL:     10   Next: 74%
Magic:  5/16       EV: 14    Int: 19    God:    Sif Muna [***...]
Gold:   532        SH:  0    Dex: 11    Spells: 1/17 levels left

rFire    . . .     SeeInvis .   g - +2 whip (elec)
rCold    . . .     Gourm    .   (no shield)
rNeg     . . .     Faith    .   (armour unavailable)
rPois    .         Spirit   .   (helmet restricted)
rElec    +         Reflect  .   J - +1 cloak
rCorr    .         Harm     .   (no gloves)
MR       .....                  K - +1 pair of boots
Stlth    ++........             (no amulet)
HPRegen  0.22/turn              (no ring)
MPRegen  0.15/turn              (no ring)

@: about to teleport, studying Poison Magic, divine energy
A: breathe lightning, unfitting armour, electricity resistance, cold-blooded, AC
+7
a: Breathe Lightning, Stop Divine Energy, Channel Magic, Renounce Religion


You were on level 9 of the Dungeon.
You worshipped Sif Muna.
Sif Muna was most pleased with you.
You were not hungry.

You visited 2 branches of the dungeon, and saw 12 of its levels.

You collected 532 gold pieces.

Inventory:

Hand Weapons
 d - a +0 mace
 g - a +2 whip of electrocution (weapon)
 l - a +0 long sword
 L - a +2 quarterstaff of pain
Missiles
 e - 24 poisoned needles
Armour
 G - a +0 pair of boots
 J - a +1 cloak (worn)
 K - a +1 pair of boots (worn)
Jewellery
 c - an uncursed ring of magical power {unknown}
 i - an uncursed ring of protection from magic {unknown}
 s - an uncursed amulet of the acrobat {unknown}
 v - a +3 amulet of reflection {unknown}
 B - an uncursed ring of see invisible {unknown}
 D - an uncursed amulet of guardian spirit {unknown}
 N - a cursed amulet of inaccuracy {unknown}
Wands
 x - a wand of iceblast (12)
Scrolls
 a - 9 scrolls of identify
 f - a scroll of enchant armour
 j - 3 scrolls of amnesia
 n - a scroll of blinking {unknown}
 o - a scroll of immolation {unknown}
 p - a scroll of fear {unknown}
 t - 2 scrolls of enchant weapon {unknown}
 y - 2 scrolls of remove curse {unknown}
 E - 5 scrolls of teleportation
 F - 2 scrolls of random uselessness {unknown}
 H - a scroll of noise {unknown}
 I - 2 scrolls of magic mapping {unknown}
Potions
 h - a potion of resistance {unknown}
 k - a potion of magic {unknown}
 m - 2 potions of heal wounds
 q - 3 potions of lignification {unknown}
 r - 2 potions of flight {unknown}
 u - a potion of might
 w - 7 potions of curing
 A - 6 potions of brilliance {unknown}
 C - a potion of haste {unknown}
Books
 z - a manual of Poison Magic
Miscellaneous
 M - a crystal ball of energy
Comestibles
 b - 13 rations


   Skills:
 - Level 2.0 Fighting
 - Level 2.2 Maces & Flails
 + Level 4.8 Dodging
 - Level 1.7 Stealth
 - Level 4.2 Spellcasting
 + Level 8.2 Conjurations
 + Level 7.6 Summonings
 - Level 8.2 Ice Magic
 - Level 6.0 Air Magic
 * Level 2.9 Invocations


You had one spell level left.
You knew the following spells:

 Your Spells              Type           Power        Failure   Level  Hunger
a - Freeze                Ice            ####         1%          1    None
b - Throw Frost           Conj/Ice       #####.       1%          2    #......
c - Ozocubu's Armour      Chrm/Ice       ###.....     8%          3    ###....
d - Summon Ice Beast      Ice/Summ       ####....     4%          4    ####...
e - Summon Lightning Spi  Summ/Air       ####....     9%          4    ####...
f - Searing Ray           Conj           #####.       1%          2    #......

Your spell library contained the following spells:

 Spells                   Type           Power        Failure   Level  Hunger
 Magic Dart               Conj           ####         1%          1    None
 Summon Small Mammal      Summ           ####         1%          1    None
 Call Imp                 Summ           ####....     1%          2    #......
 Call Canine Familiar     Summ           ####....     1%          3    ###....
 Iskenderun's Mystic Bla  Conj           #####...     4%          4    ####...
 Throw Icicle             Conj/Ice       #####...     4%          4    ####...
 Dazzling Spray           Conj/Hex       ###...       8%          3    ###....
 Summon Guardian Golem    Hex/Summ       ###.....     9%          3    ###....
 Force Lance              Conj/Tloc      ###.....     24%         4    ####...
 Fulminant Prism          Conj/Hex       ###.......   24%         4    ####...


Dungeon Overview and Level Annotations

Branches:
Dungeon (11/15)            Temple (1/1) D:6            Lair (0/6) D:9
    Orc: D:9-12

Altars:
Ashenzari
Cheibriados
Dithmenos
Elyvilon
Fedhas
Gozag
Hepliaklqana
Kikubaaqudgha
Makhleb
Nemelex Xobeh
Okawaru
Qazlal
Ru
Sif Muna
Uskayaw
Vehumet
Wu Jian
Xom
Yredelemnul
The Shining One

Shops:
D:8 *

Annotations:
D:11 Gastronok


Innate Abilities, Weirdness & Mutations

You can breathe wild blasts of lightning.
Your glossy black scales are hard. (AC +7)
You cannot fit into any form of body armour.
You are resistant to electric shocks. (rElec)
You are cold-blooded and may be slowed by cold attacks.


Message History

There is a stone staircase leading up here.
Your ice beast hits the orc wizard.
Your ice beast freezes the orc wizard!
The orc warrior hits something with a +0 halberd!!
The orc wizard hits your ice beast but does no damage.
The orc warrior shouts!
You climb upwards.
Your summoned ally is left behind.
Reactivating autopickup. 4 wights come into view.
A wight is wielding a +3 war axe of freezing.
There is a stone staircase leading down here.
As you read the scroll labeled ELECHE GEDIEKE, it crumbles to dust.
It is a scroll of identify.
j - 3 scrolls of amnesia
As you read the scroll labeled WEVOAR MUASAG, it crumbles to dust.
It is a scroll of enchant armour.
Your +0 cloak glows green for a moment.
The wight misses you.
As you read the scroll labeled OXTIMOUSTRY, it crumbles to dust.
You feel strangely unstable.
It was a scroll of teleportation.
The wight hits you with a +2 battleaxe!
You die...

#...#######
#.........#
##.........
......... .
......##..
#.z...'...
#..z..##..
#.@zz.....
#.....##..
#.....#
####### #.
#.# ..
##.## ...h
..#


You could see 4 wights.

Vanquished Creatures
  Harold (D:8)
  A two-headed ogre (D:8)
  Joseph (D:7)
  2 centaur zombies
  Maurice (D:8)
  2 hippogriffs (D:8)
  A soldier ant (D:10)
  2 ice beasts
  A slave (D:7)
  A sky beast (D:7)
  4 ogres
  A big kobold (D:8)
  4 bullfrogs
  A wyvern zombie (D:11)
  4 scorpions
  9 killer bees
  7 crimson imps
  2 howler monkeys (D:4)
  A quasit (D:10)
  5 jellies
  2 orc priests
  A bullfrog zombie (D:5)
  5 hounds
  4 orc wizards
  2 centaur skeletons (D:5)
  A bullfrog skeleton (D:8)
  4 iguanas
  Terence (D:3)
  Natasha (D:2)
  6 worker ants
  2 hound zombies
  3 hound skeletons
  A worker ant zombie (D:7)
  11 adders
  4 shadow imps
  2 oozes
  2 adder zombies (D:8)
  3 worms
  4 leopard geckos
  22 orcs
  4 giant cockroaches
  11 goblins
  8 hobgoblins
  19 jackals
  19 kobolds
  3 quokkas
  3 ball pythons
  2 bats
  3 frilled lizards
  A giant cockroach zombie (D:6)
  A jackal skeleton (D:4)
  A quokka skeleton (D:5)
  5 rats
212 creatures vanquished.

Vanquished Creatures (collateral kills)
  Pikel (D:7)
  A hippogriff (D:11)
  2 sky beasts
  2 ice beasts
  2 slaves (D:7)
  An eye of draining (D:11)
  A big kobold (D:8)
  8 killer bees
  3 wights (D:8)
  An orc priest (D:10)
  3 orc wizards
  An adder (D:5)
  A shadow imp (D:5)
  3 adder skeletons
  8 orcs
  3 kobolds (D:8)
41 creatures vanquished.

Vanquished Creatures (others)
  A slave (D:7)
1 creature vanquished.

Grand Total: 254 creatures vanquished

Notes
Turn   | Place    | Note
-------+----------+-------------------------------------------
     0 | D:1      | Folque the Draconian Ice Elementalist began the quest for
                  | the Orb.
     0 | D:1      | Reached XP level 1. HP: 14/14 MP: 3/3
   179 | D:1      | Reached skill level 1 in Fighting
   245 | D:1      | Reached XP level 2. HP: 23/23 MP: 5/5
   746 | D:1      | Learned a level 2 spell: Throw Frost
   809 | D:1      | Reached XP level 3. HP: 24/29 MP: 6/6
   814 | D:1      | Learned a level 3 spell: Ozocubu's Armour
  1334 | D:2      | Reached XP level 4. HP: 36/36 MP: 2/8
  1667 | D:2      | Noticed Natasha
  1683 | D:2      | Killed Natasha
  2139 | D:2      | Learned a level 4 spell: Summon Ice Beast
  2231 | D:3      | Noticed Terence
  2246 | D:3      | Killed Terence
  2246 | D:3      | Reached XP level 5. HP: 28/41 MP: 0/10
  2595 | D:3      | Reached skill level 1 in Summonings
  2614 | D:3      | Found an opulent altar of Gozag.
  3105 | D:4      | Reached XP level 6. HP: 39/48 MP: 6/12
  3220 | D:4      | Found a sparkling altar of Nemelex Xobeh.
  3657 | D:4      | Your scales start taking on a glossy black colour.
  3657 | D:4      | Reached XP level 7. HP: 48/55 MP: 9/13
  3657 | D:4      | Gained mutation: You are resistant to electric shocks.
                  | (rElec) [Black Draconian growth]
  3844 | D:5      | Entered Level 5 of the Dungeon
  3850 | D:5      | Reached skill level 5 in Ice Magic
  4133 | D:5      | Learned a level 4 spell: Summon Lightning Spire
  4169 | D:5      | Reached skill level 1 in Air Magic
  4277 | D:5      | Reached skill level 1 in Maces & Flails
  4318 | D:5      | Reached XP level 8. HP: 61/61 MP: 5/14
  4345 | D:5      | Found a blossoming altar of Fedhas.
  4498 | D:5      | Found a hazy altar of Hepliaklqana.
  4804 | D:6      | Found a staircase to the Ecumenical Temple.
  4856 | Temple   | Entered the Ecumenical Temple
  5031 | Temple   | Became a worshipper of Sif Muna the Loreminder
  5722 | D:7      | Reached skill level 5 in Air Magic
  5879 | D:7      | Reached skill level 5 in Summonings
  5940 | D:7      | Reached * piety under Sif Muna
  6085 | D:7      | Noticed Pikel
  6100 | D:7      | Killed Pikel
  6250 | D:7      | Reached XP level 9. HP: 63/67 MP: 11/15
  6343 | D:7      | Noticed Joseph
  6364 | D:7      | Killed Joseph
  6554 | D:7      | Reached skill level 5 in Conjurations
  6554 | D:7      | Reached ** piety under Sif Muna
  7034 | D:8      | Noticed Harold
  7058 | D:8      | Killed Harold
  7356 | D:8      | Reached *** piety under Sif Muna
  7598 | D:8      | Reached XP level 10. HP: 73/73 MP: 16/16
  7707 | D:8      | Found Eplez's General Store.
  7806 | D:8      | Noticed Maurice
  7842 | D:8      | Killed Maurice
  7960 | D:8      | Learned a level 2 spell: Searing Ray
  8051 | D:9      | Found a staircase to the Lair.
  8051 | D:9      | Noticed a two-headed ogre
  8091 | D:8      | Killed a two-headed ogre
  8577 | D:9      | You fall through a shaft for 2 floors!
  8877 | D:11     | Reached skill level 1 in Invocations
  9042 | D:11     | Noticed Gastronok
  9067 | D:10     | Entered Level 10 of the Dungeon
  9722 | D:9      | Slain by a wight

Skill      XL: |  1  2  3  4  5  6  7  8  9 10 |
---------------+-------------------------------+-----
Fighting       | 1 2 |  2.0
Spellcasting   | 3 4 |  4.2
Ice Magic      | 4 5 6 8 |  8.2
Summonings     | 2 3 4 5 7 |  7.6
Dodging        | 2 3 4 |  4.8
Air Magic      | 2 5 6 |  6.0
Maces & Flails | 1 2 |  2.2
Conjurations   | 3 7 8 |  8.2
Invocations    | 2 |  2.9
Stealth        | |  1.7

Action                   |  1- 3 |  4- 6 |  7- 9 | 10-12 || total
-------------------------+-------+-------+-------+-------++-------
Melee: Whip              |    65 |   141 |   356 |   121 ||   683
       Mace              |     6 |       |       |       ||     6
       Tailslap          |     5 |     9 |    27 |    12 ||    53
 Cast: Freeze            |     9 |    17 |    23 |     6 ||    55
       Ozocubu's Armour  |     2 |    15 |    32 |    18 ||    67
       Throw Frost       |     1 |    20 |    44 |    16 ||    81
       Summon Ice Beast  |       |       |    10 |    12 ||    22
       Summon Lightning  |       |       |     9 |     8 ||    17
       Searing Ray       |       |       |       |    12 ||    12
Invok: Divine Energy     |       |       |     1 |       ||     1
       Channel Magic     |       |       |       |     1 ||     1
  Use: Potion            |       |       |     3 |       ||     3
       Scroll            |       |       |       |     3 ||     3
 Stab: Sleeping          |     5 |     3 |     1 |       ||     9
       Distracted        |       |       |     1 |       ||     1
  Eat: Chunk             |     1 |    10 |    21 |     3 ||    35
       Ration            |       |       |       |     3 ||     3
Armor: Skin              |    16 |    45 |   170 |    85 ||   316
Dodge: Dodged            |    41 |   109 |   240 |   133 ||   523
